 Dungeon Crawl Stone Soup version 0.29-a0-284-gf9362112df (webtiles) character file.

Game seed: 7847396087250884968

55 siradein the Grave Robber (level 3, -1/28 HPs)
             Began as a Ghoul Necromancer on Mar 22, 2022.
             Slain by Natasha (3 damage)
             ... on level 2 of the Dungeon.
             The game lasted 00:03:36 (1087 turns).

siradein the Grave Robber (Ghoul Necromancer)       Turns: 1087, Time: 00:03:37

Health: -1/28      AC:  2    Str: 11    XL:     3   Next: 93%
Magic:  0/4        EV: 12    Int: 12    God:
Gold:   106        SH:  0    Dex: 15    Spells: 1/5 levels left

rFire   . . .      SeeInvis .   a - +0 whip
rCold   + . .      Faith    .   (no shield)
rNeg    + + +      Spirit   .   f - +0 robe
rPois   ∞          Reflect  .   (no helmet)
rElec   .          Harm     .   (no cloak)
rCorr   .          Rampage  .   (no gloves)
Will    .....                   (no boots)
Stlth   ++........              e - amulet of regeneration
HPRegen 0.00/turn               h - +6 ring of dexterity
MPRegen 0.09/turn               (no ring)

@: inhibited regen
A: claws 1, cold resistance 1, negative energy resistance 3, inhibited
regeneration, torment resistance 2
a: no special abilities


You were on level 2 of the Dungeon.
You visited 1 branch of the dungeon, and saw 2 of its levels.

You collected 106 gold pieces.

Inventory:

Hand Weapons
 a - a +0 whip (weapon)
 b - a +4 hunting sling
Armour
 f - a +0 robe (worn)
Jewellery
 e - an amulet of regeneration (around neck)
 h - a +6 ring of dexterity (left claw)
Scrolls
 d - a scroll of identify {unknown}
 i - a scroll of noise {unknown}
 k - a scroll of enchant armour {unknown}
 l - a scroll of blinking {unknown}
 n - a scroll of holy word {unknown}
Potions
 c - a potion of magic
 g - 2 potions of mutation {unknown}
 j - a potion of cancellation {unknown}
 m - a potion of heal wounds {unknown}


   Skills:
 + Level 1.6 Fighting
 + Level 2.3 Dodging
 - Level 2.1 Stealth
 - Level 1.7 Spellcasting
 * Level 4.7 Necromancy


You had one spell level left.
You knew the following spells:

 Your Spells              Type           Power      Damage    Failure   Level
a - Pain                  Necr           48%        1d6       4%          1
b - Vampiric Draining     Necr           12%        2d6       12%         3

Your spell library contained the following spells:

 Spells                   Type           Power      Damage    Failure   Level
 Animate Skeleton         Necr           24%        N/A       4%          1
 Animate Dead             Necr           6%         N/A       36%         4
 Agony                    Necr           12%        N/A       73%         5


Dungeon Overview and Level Annotations

Branches:
Dungeon (2/15)

Altars:

Annotations:
D:2 Natasha


Innate Abilities, Weirdness & Mutations

You thrive by killing the living.
You are immune to poison.
You have sharp fingernails.
Your flesh is cold resistant. (rC+)
You are immune to negative energy. (rN+++)
You do not regenerate when monsters are visible.
You are immune to unholy pain and torment.


Message History

Found a scale mail.
Found a stone staircase leading down.
You now have 106 gold pieces (gained 14).
You see here a +0 scale mail.
There is a stone staircase leading down here.
Natasha, Servant of Life and Death comes into view.
She is carrying a wand of digging (6).
Natasha is nearby!
Natasha is nearby!
You shoot a sling bullet.
Natasha hisses angrily.
The sling bullet hits Natasha!
Natasha is heavily wounded.
You shoot a sling bullet. The sling bullet barely misses Natasha.
Natasha mumbles some strange words.
a - a +0 whip (weapon)
Natasha stares at you and mumbles some strange words.
The magic dart hits you.
Natasha struggles to resist.
Natasha writhes in agony.
Natasha struggles to resist.
Natasha struggles to resist.
Natasha barely misses you.
You are too depleted to draw on your mana recklessly!
You are too depleted to draw on your mana recklessly!
b - a +4 hunting sling (weapon)
Natasha claws you!
You shoot a sling bullet. The sling bullet misses Natasha.
The sling bullet hits the crimson imp but does no damage.
Natasha casts a spell.
You shoot a sling bullet. The sling bullet hits Natasha.
Natasha is almost dead.
Natasha claws you!
* * * LOW HITPOINT WARNING * * *
The crimson imp blinks!
Natasha casts a spell at you. The magic dart hits you.
* * * LOW HITPOINT WARNING * * *
a - a +0 whip (weapon)
You barely miss Natasha.
Natasha is almost dead.
Natasha claws you.
You die...

#>#####.#.########.##
#.# #.#.# #.# #.#
###.#.# #.# #.#
#...#.# #'# #.#
#.###.# ...
#.###.###.# . #
#.........# ... ##
#####.#...####.....
####. #......@h5.5...
+.... #.#...####.....
####. #.##.## ...
..... #.#### . #.####
#.# #.# #.# #.


You could see Natasha and 2 crimson imps.

Vanquished Creatures
  Natasha (D:2)
  An adder (D:2)
  3 bats (D:1)
  2 endoplasms (D:1)
  2 goblins
  A hobgoblin (D:2)
  A kobold (D:1)
  2 quokkas (D:1)
  3 ball pythons
  3 frilled lizards (D:1)
  3 rats
22 creatures vanquished.

Vanquished Creatures (others)
  5 plants (D:1)
5 creatures vanquished.

Grand Total: 27 creatures vanquished

Notes
Turn   | Place    | Note
-------+----------+-------------------------------------------
     0 | D:1      | siradein the Ghoul Necromancer began the quest for the Orb.
     0 | D:1      | Reached XP level 1. HP: 14/14 MP: 2/2
   167 | D:1      | Reached XP level 2. HP: 22/22 MP: 3/3
   382 | D:1      | Reached skill level 1 in Fighting
   687 | D:2      | Reached XP level 3. HP: 18/28 MP: 2/4
   692 | D:2      | Learned a level 3 spell: Vampiric Draining
   765 | D:2      | Noticed Natasha
   768 | D:2      | Killed Natasha
  1075 | D:2      | Noticed Natasha
  1087 | D:2      | Slain by Natasha

Illustrated notes

Levels and vault maps discovered:
D:1:      roderic_crop_circles_arrival_small, layout_rooms,
          minmay_misc_feat_diagonals
D:2:      layout_loops_corners, uniq_natasha

Skill      XL: |  1  2 |
---------------+-------+-----
Dodging        | 2 |  2.3
Fighting       | 1 |  1.6
Stealth        | |  2.1
Spellcasting   | |  1.7
Necromancy     | |  4.7

Action                   || total
-------------------------++-------
Melee: Spear             ||     9
       Dagger            ||     8
       Unarmed           ||     2
       Whip              ||     4
 Fire: Hunting sling     ||    38
 Cast: Pain              ||     5
 Stab: Sleeping          ||     1
Armor: Robe              ||     3
Dodge: Dodged            ||    12

Table legend: (Time is in decaauts)
 A = Elapsed time spent in this place.
 B = Non-inter-level travel time spent in this place.
 C = Inter-level travel time spent in this place.
 D = Time resting spent in this place.
 E = Time spent auto-exploring this place.
 F = Levels seen in this place.
 G = Mean time per level.
                   A        B        C        D        E       F      G
               +--------+--------+--------+--------+--------+-----+--------+
         Total |   1101 |   1089 |     12 |      0 |    903 |   2 |  550.5 |
       Dungeon |   1101 |   1089 |     12 |      0 |    903 |   2 |  550.5 |
               +--------+--------+--------+--------+--------+-----+--------+

Top non-repeatable levels by time:
     D:1: 649 daAuts
     D:2: 451 daAuts
